 Dungeon Crawl Stone Soup version 0.31.0-11-ge490571c62 (webtiles) character file.

Game seed: 18309476907829518694

2361 Bobbunny the Fighter (level 9, -4/76 (85) HPs)
             Began as a Minotaur Fighter on Feb 3, 2024.
             Was a Follower of Okawaru.
             Slain by a wight
             ... wielding a +0 halberd
              (5 damage)
             ... on level 8 of the Dungeon.
             The game lasted 00:07:01 (5791 turns).

Bobbunny the Fighter (Minotaur Fighter)             Turns: 5791, Time: 00:07:02

HP:   -4/76 (85)    AC: 13    Str: 30    XL:     9   Next: 21%
MP:   8/8           EV:  7    Int:  5    God:    Okawaru [*.....]
Gold: 323           SH:  4    Dex: 11    Spells: 8/8 levels left

rFire   . . .        y - +3 hand axe
rCold   . . .        c - +0 buckler
rNeg    . . .        e - +0 plate armour
rPois   .            (helmet restricted)
rElec   .            n - +1 cloak
rCorr   .            (no gloves)
SInv    .            (no boots)
Will    .....        (no amulet) Stlth
                     l - +6 ring of strength
HPRegen 0.32/turn    (no ring)
MPRegen 0.11/turn

%: no passive effects
@: heavily drained
A: horns 2, retaliatory headbutt
a: Renounce Religion, Heroism


You were on level 8 of the Dungeon.
You worshipped Okawaru.
Okawaru was aware of your devotion.
You visited 2 branches of the dungeon, and saw 9 of its levels.

You collected 323 gold pieces.

Inventory:

Hand Weapons
 a - a +1 war axe
 i - a +1 dagger of venom
 q - a +2 hand axe of flaming
 y - a +3 hand axe (weapon)
Missiles
 m - 17 poisoned darts (quivered)
 A - a throwing net
Armour
 c - a +0 buckler (worn)
 e - a +0 plate armour (worn)
 n - a +1 cloak (worn)
 t - the +1 robe of Jahuttas {rF++ rC- Str+8 Int-4}
   (You found it on level 3 of the Dungeon)

   Str+8:     It affects your strength (+8).
   Int-4:     It affects your intelligence (-4).
   rF++:      It greatly protects you from fire.
   rC-:       It makes you vulnerable to cold.
 v - a +1 leather armour of cold resistance
Jewellery
 l - a +6 ring of strength (left hand)
Wands
 b - a wand of mindburst (14)
 g - a wand of charming (9)
 k - a wand of flame (13)
 F - a wand of roots (7)
Scrolls
 f - a scroll of vulnerability
 h - a scroll of immolation
 o - 3 scrolls of enchant armour
 s - 3 scrolls of revelation
 u - 3 scrolls of teleportation
 z - 2 scrolls of fog
 B - a scroll of poison
 D - a scroll of enchant weapon
 E - 2 scrolls of identify
Potions
 d - 2 potions of might
 j - a potion of mutation
 p - a potion of cancellation
 r - 4 potions of curing
 w - 4 potions of heal wounds
 x - a potion of brilliance {unknown}
 C - 2 potions of attraction


   Skills:
 + Level 10.0 Fighting
 + Level 9.5 Axes
 + Level 5.6 Throwing
 - Level 3.6 Armour
 - Level 3.6 Shields


You had 8 spell levels left.
You didn't know any spells.
Your spell library contained the following spells:

 Spells                   Type           Power      Damage    Failure   Level
 Apportation              Tloc           0%         N/A       100%        1
 Necrotise                Necr           0%         1d4       100%        1
 Sting                    Conj/Alch      0%         1d3       100%        1
 Mercury Vapours          Alch/Air       0%         N/A       100%        2
 Dazzling Flash           Conj/Hex       0%         N/A       100%        3
 Frozen Ramparts          Ice            0%         1d1       100%        3
 Fugue of the Fallen      Necr           0%         N/A       100%        3
 Mephitic Cloud           Conj/Alch/Air  0%         N/A       100%        3
 Ozocubu's Armour         Ice            0%         N/A       100%        3
 Leda's Liquefaction      Alch/Erth      0%         N/A       100%        4
 Manifold Assault         Tloc           0%         N/A       100%        4
 Petrify                  Alch/Erth      0%         N/A       100%        4
 Curse of Agony           Necr           0%         N/A       100%        5
 Freezing Cloud           Conj/Ice/Air   0%         6-21      100%        5
 Metabolic Englaciation   Hex/Ice        0%         N/A       100%        5
 Silence                  Hex/Air        0%         N/A       100%        5
 Summon Small Mammal      Summ           Unusable   N/A       N/A         1
 Summon Ice Beast         Ice/Summ       Unusable   N/A       N/A         3
 Summon Mana Viper        Hex/Summ       Unusable   N/A       N/A         5
 Monstrous Menagerie      Summ           Unusable   N/A       N/A         7

Dungeon Overview and Level Annotations

Branches:
Dungeon (8/15)             Temple (1/1) D:6
   Lair: D:8-11

Altars:
Ashenzari
Cheibriados
Dithmenos
Elyvilon
Fedhas
Gozag
Kikubaaqudgha
Makhleb
Nemelex Xobeh
Okawaru
Qazlal
Ru
Sif Muna
Trog
Uskayaw
Vehumet
Wu Jian
Xom
Yredelemnul
Zin
The Shining One

Portals:
Bailey: D:8

Annotations:
D:2 1 runed translucent door, Crazy Yiuf
D:5 2 transporters, hikkokomori's ghost, novice FoWn


Innate Abilities, Weirdness & Mutations

You have a pair of horns on your head.
You reflexively headbutt those who attack you in melee.


Message History

The wight hits you from afar with a +0 halberd.
You are too injured to fight recklessly!
You are too injured to fight recklessly!
You are too injured to fight recklessly!
You are too injured to fight recklessly!
You are too injured to fight recklessly!
You are too injured to fight recklessly!
You are too injured to fight recklessly!
You are too injured to fight recklessly!
The wight attacks as it pursues you! You block the wight's attack.
The wight hits you but does no damage. The wight attacks as it pursues you!
The wight barely misses you. The wight attacks as it pursues you!
The wight hits you with a +4 morningstar.
Things that are here:
a +0 scimitar; a +0 robe You slash the wight!
The wight is almost destroyed.
The wight barely misses you.
You barely miss the wight.
The wight is almost destroyed.
The wight hits you from afar with a +0 halberd.
The wight hits you from afar with a +0 trident.
The wight hits you with a +4 morningstar.
* * * LOW HITPOINT WARNING * * *
The wight attacks as it pursues you!
The wight hits you with a +4 morningstar.
* * * LOW HITPOINT WARNING * * *
You hear the steady creaking of a very distant portcullis.
The wight hits you with a +0 halberd!
* * * LOW HITPOINT WARNING * * *
You feel drained.
* * * LOW HITPOINT WARNING * * *
The wight barely misses you. The wight closely misses you.
The wight attacks as it pursues you! The wight barely misses you.
The wight hits you from afar with a +0 halberd!
* * * LOW HITPOINT WARNING * * *
You feel drained.
You die...

#. #.# # ##..###### #.#
#........### #.#
#........).# #.#
#.#..#.#.#.## #.# ...
##..z.z####.###########
#
##..zz...!....>.......
#.....####......######
#.#.#.@.....[.....#
.....#.<#########..#
#...###..# #..# ##.#
#..# #..# #. #### #..#
#..#


You could see 4 wights.

Vanquished Creatures
  Eustachio (D:6)
  A water moccasin (D:5)
  3 black bears
  2 ice beasts
  2 ogres
  3 centaurs
  A phantom (D:7)
  A kobold brigand (D:5)
  2 bullfrogs
  3 scorpions (D:5)
  A wight (D:8)
  4 hounds
  2 jellies
  3 iguanas
  An orc priest (D:6)
  A gnoll bouda (D:7)
  2 sleepcaps
  14 adders
  9 gnolls
  2 shadow imps (D:7)
  3 white imps
  3 dart slugs
  2 ribbon worms
  13 orcs
  5 ball pythons
  5 bats
  6 endoplasms
  6 giant cockroaches
  5 goblins
  4 hobgoblins
  3 jackals (D:2)
  2 quokkas (D:3)
  8 frilled lizards
  14 kobolds
  4 rats
141 creatures vanquished.

Vanquished Creatures (others)
  A gnoll sergeant (D:6)
  A gnoll (D:6)
2 creatures vanquished.

Grand Total: 143 creatures vanquished

Notes
Turn   | Place    | Note
-------+----------+-------------------------------------------
     0 | D:1      | Bobbunny the Minotaur Fighter began the quest for the Orb.
     0 | D:1      | Reached XP level 1. HP: 19/19 MP: 0/0
   133 | D:1      | Reached skill level 4 in Fighting
   133 | D:1      | Reached XP level 2. HP: 26/27 MP: 1/1
   681 | D:2      | Found a faded altar of an unknown god.
   691 | D:2      | Reached XP level 3. HP: 31/34 MP: 2/2
   834 | D:2      | Reached XP level 4. HP: 33/41 MP: 3/3
   932 | D:2      | Reached skill level 5 in Fighting
  1007 | D:2      | Found a runed translucent door.
  1008 | D:2      | Noticed Crazy Yiuf
  1371 | D:3      | Found an ornate altar of the Wu Jian Council.
  1479 | D:3      | HP: 2/42 [frozen (1)]
  1907 | D:3      | Identified the +1 robe of Jahuttas {rF++ rC- Str+8 Int-4}
  1956 | D:3      | Found a glowing silver altar of Zin.
  1963 | D:3      | Reached XP level 5. HP: 48/48 MP: 4/4
  2012 | D:3      | You fall into a shaft and drop 2 floors!
  2012 | D:5      | Entered Level 5 of the Dungeon
  2018 | D:4      | Noticed an ogre
  2027 | D:4      | HP: 2/48 [ogre/+0 giant spiked club (32)]
  2028 | D:4      | Killed an ogre
  2029 | D:4      | Reached skill level 6 in Fighting
  2029 | D:4      | Reached skill level 5 in Axes
  2313 | D:3      | Found a radiant altar of Vehumet.
  2354 | D:3      | Found a blossoming altar of Fedhas.
  2706 | D:3      | Reached XP level 6. HP: 51/58 MP: 5/5
  3139 | D:5      | Reached skill level 7 in Fighting
  3152 | D:5      | Reached skill level 1 in Throwing
  3152 | D:5      | Reached XP level 7. HP: 66/66 MP: 6/6
  3281 | D:5      | Noticed hikkokomori's ghost (novice FoWn)
  3323 | D:5      | Found a transporter.
  3327 | D:5      | Found a transporter.
  3554 | D:5      | Reached skill level 8 in Fighting
  3625 | D:5      | Reached XP level 8. HP: 27/74 MP: 7/7
  4307 | D:6      | Noticed Eustachio
  4530 | D:6      | Killed Eustachio
  4531 | D:6      | Reached skill level 9 in Fighting
  4577 | D:6      | Noticed an air elemental
  4581 | D:6      | Found a stormy altar of Qazlal.
  4793 | D:6      | Found a staircase to the Ecumenical Temple.
  4827 | Temple   | Entered the Ecumenical Temple
  4836 | Temple   | Became a worshipper of Warmaster Okawaru
  4874 | D:7      | Reached skill level 5 in Throwing
  5176 | D:7      | Reached XP level 9. HP: 61/85 MP: 8/8
  5655 | D:8      | Found a flagged portal.
  5693 | D:8      | Found a shimmering blue altar of Sif Muna.
  5773 | D:8      | Reached * piety under Okawaru
  5774 | D:8      | Reached skill level 10 in Fighting
  5791 | D:8      | HP: 1/79 [wight/+0 halberd (11)]
  5791 | D:8      | Slain by a wight

Illustrated notes

Levels and vault maps discovered:
D:1:      eino_arrival_water_star, layout_basic
D:2:      layout_basic, basic_ecumenical_altar, minmay_quadrilaterals,
          uniq_crazy_yiuf_cottage
D:3:      layout_basic, fiery_altar_vehumet, fedhas_ov_isle_minmay,
          zin_statuary, lemuel_doored_altar, minmay_fractal_squares_diagonal_5
D:4:      layout_gridville
D:5:      layout_rooms, gammafunk_ghost_hive
D:6:      layout_basic, nicolae_qazlal_style_of_elements,
          minmay_temple_entry_metal_lava, uniq_eustachio
D:7:      layout_rooms
D:8:      layout_loops_ring, led_sif_book, enter_bailey_8, uniq_maggie
Temple:   hellmonk_temple_two_chambers

Skill      XL: |  1  2  3  4  5  6  7  8  9 |
---------------+----------------------------+-----
Fighting       | 4 5 6 7 8 9 10 | 10.0
Axes           | 3 4 5 6 7 9 |  9.5
Throwing       | 1 3 5 |  5.6
Armour         | |  3.6
Shields        | |  3.6

Action                     |  1- 3 |  4- 6 |  7- 9 || total
---------------------------+-------+-------+-------++-------
  Melee: War axe           |    37 |       |       ||    37
         Dagger            |    42 |   143 |    10 ||   195
         Headbutt          |     6 |    29 |    30 ||    65
         Hand axe          |       |       |   176 ||   176
  Throw: Dart              |       |    12 |    13 ||    25
  Evoke: Wand              |       |       |     2 ||     2
    Use: Scroll            |       |     4 |    10 ||    14
         Potion            |       |     1 |     1 ||     2
 Armour: Scale mail        |    56 |    10 |       ||    66
         Chain mail        |       |    83 |    34 ||   117
         Plate armour      |       |       |   147 ||   147
  Dodge: Dodged            |    41 |    55 |    61 ||   157
  Block: Buckler           |    18 |    24 |    42 ||    84
